 Dungeon Crawl Stone Soup version 0.28-a0-1190-g77e1c55843 (webtiles) character file.

Game seed: 10792836522956456731

0 Gargoyl the Skirmisher (level 1, -11/23 HPs)
             Began as a Gnoll Abyssal Knight on Dec 18, 2021.
             Was a Follower of Lugonu.
             Mangled by a tentacled starspawn (12 damage)
             ... on level 1 of the Abyss.
             The game lasted 00:00:24 (153 turns).

Gargoyl the Skirmisher (Gnoll Abyssal Knight)        Turns: 153, Time: 00:00:24

Health: -11/23     AC:  3    Str: 12    XL:     1   Next: 0%
Magic:  3/3        EV: 12    Int:  9    God:    Lugonu [*.....]
Gold:   7          SH:  0    Dex: 12    Spells: 0/0 levels left

rFire   . . .      SeeInvis .   a - +1 hand axe
rCold   . . .      Faith    .   (no shield)
rNeg    . . .      Spirit   .   b - +0 leather armour
rPois   .          Reflect  .   (no helmet)
rElec   .          Harm     .   (no cloak)
rCorr   .          Rampage  .   (no gloves)
Will    .....                   (no boots)
Stlth   +.........              (no amulet)
HPRegen 0.07/turn               (no ring)
MPRegen 0.08/turn               (no ring)

@: no status effects
A: fangs 1, strong nose, distributed training
a: Renounce Religion, Depart the Abyss


You were on level 1 of the Abyss.
You worshipped Lugonu.
Lugonu was aware of your devotion.
You visited 0 branches of the dungeon, and saw 0 of its levels.
You visited the Abyss 1 time.

You collected 7 gold pieces.

Inventory:

Hand Weapons
 a - a +1 hand axe (weapon)
Armour
 b - a +0 leather armour (worn)


   Skills:
 + Level 6.4 Fighting
 + Level 0.0 Short Blades
 + Level 0.0 Long Blades
 + Level 4.4 Axes
 + Level 0.0 Maces & Flails
 + Level 0.0 Polearms
 + Level 0.0 Staves
 + Level 0.0 Slings
 + Level 0.0 Bows
 + Level 0.0 Crossbows
 + Level 0.0 Throwing
 + Level 4.4 Armour
 + Level 2.3 Dodging
 + Level 0.0 Stealth
 + Level 0.0 Shields
 + Level 0.0 Unarmed Combat
 + Level 0.0 Spellcasting
 + Level 0.0 Conjurations
 + Level 0.0 Hexes
 + Level 0.0 Summonings
 + Level 0.0 Necromancy
 + Level 0.0 Translocations
 + Level 0.0 Transmutations
 + Level 0.0 Fire Magic
 + Level 0.0 Ice Magic
 + Level 0.0 Air Magic
 + Level 0.0 Earth Magic
 + Level 0.0 Poison Magic
 + Level 4.4 Invocations
 + Level 0.0 Evocations


You couldn't memorise any spells.
You didn't know any spells.
Your spell library was empty.

Dungeon Overview and Level Annotations

Branches:
Dungeon (0/15)

Altars:


Innate Abilities, Weirdness & Mutations

You have very sharp teeth.
Your uncanny sense of smell can sniff out nearby items.
Your experience applies equally to all skills.


Message History

Welcome, Gargoyl the Gnoll Abyssal Knight.
The Orb of Zot is coveted for many reasons.
Will you seize it for your own?
Lugonu says: Depart the Abyss and spread corruption, my servant! (use the ability menu to exit the Abyss) Press ? for a list of commands and other information.
Found 7 gold pieces.
Found a corrupted altar of Lugonu.
You now have 7 gold pieces.
Found a gateway leading out of the Abyss.
Found a short sword.
A tentacled starspawn comes into view.
A tentacled starspawn is nearby!
Found a robe.
Found a gateway leading deeper into the Abyss.
You see here a +0 robe.
Why would you want to do that? Why would you want to do that?
A tentacle flies out from the starspawn's body!
A starspawn tentacle comes into view.
Found a cyan potion.
c - a cyan potion
There are no items here.
It was a potion of curing.
You feel better.
A tentacle flies out from the starspawn's body!
A starspawn tentacle comes into view.
A tentacled starspawn is nearby!
A tentacled starspawn is nearby!
A tentacle flies out from the starspawn's body!
A starspawn tentacle comes into view.
A tentacle flies out from the starspawn's body!
A starspawn tentacle comes into view.
A starspawn tentacle comes into view.
You hit the tentacled starspawn.
Your bite misses the tentacled starspawn.
The tentacled starspawn is lightly damaged.
The tentacled starspawn bites you!!
Ouch! That really hurt!
* * * LOW HITPOINT WARNING * * *
The tentacled starspawn tentacle-slaps you!
Ouch! That really hurt!
You die...

≈≈≈≈≈≈≈.#... #..#
. #. ≈≈≈≈≈≈≈#..##
###. . ..
≈≈≈≈≈≈...#....# #
#.# ≈≈≈≈≈≈#..
#..#..... ##
≈≈≈≈≈>≈#.## .## .
. # ≈ ≈≈≈≈≈...[.
.##. . #.
≈≈≈≈.≈≈ww#.# .#.#
# .
≈≈.≈.≈≈#X##...# #
# .#
≈≈≈≈≈≈≈##@#.##...
.. ... . ≈ ≈≈≈
###... #. # .##.
≈≈#≈≈≈ #. ..#....
## . ≈≈≈ ≈≈ # . #
# ≈ ≈≈≈ # ..#.# #
≈.≈ ≈≈≈ ...### ##
. .#. . # # #. #.
.. #


You could see a tentacled starspawn and 2 starspawn tentacles.

Vanquished Creatures (others)
  6 starspawn tentacles (Abyss:1)
6 creatures vanquished.

Notes
Turn   | Place    | Note
-------+----------+-------------------------------------------
     0 | Abyss:1  | Gargoyl the Gnoll Abyssal Knight began the quest for the
                  | Orb.
     0 | Abyss:1  | Reached XP level 1. HP: 23/23 MP: 3/3
    96 | Abyss:1  | Noticed a tentacled starspawn
   153 | Abyss:1  | HP: 1/23 [tentacled starspawn (22)]
   153 | Abyss:1  | Mangled by a tentacled starspawn

Illustrated notes

Levels and vault maps discovered:
Abyss:1:  base: Temple, due_exit_kobolds, base:
Temple

Action                   || total
-------------------------++-------
Melee: Hand axe          ||     1
  Use: Potion            ||     1

Table legend: (Time is in decaauts)
 A = Elapsed time spent in this place.
 B = Non-inter-level travel time spent in this place.
 C = Inter-level travel time spent in this place.
 D = Time resting spent in this place.
 E = Time spent auto-exploring this place.
 F = Levels seen in this place.
 G = Mean time per level.
                   A        B        C        D        E       F      G
               +--------+--------+--------+--------+--------+-----+--------+
         Total |    153 |    153 |      0 |      0 |     95 |   1 |  153.0 |
         Abyss |    153 |    153 |      0 |      0 |     95 |   1 |  153.0 |
               +--------+--------+--------+--------+--------+-----+--------+

Top non-repeatable levels by time:
 Abyss:1: 153 daAuts
